AoeStats
← WING123456

Fortress

510073055Analyzed
3v3 RM · 3d ago on Sep 29, 2026· 56m 15s· 6 players
Game mode
Random Map
Map size
Large (8 player)
Population
200
Speed
Normal
Resources
Standard
Victory
Conquest
Starting age
Dark Age
Ending age
Imperial Age
RankedLock teamsTeams togetherTeam positionsShared explorationLock speedFull tech treeHidden civsTurbo modeCheats
Victory
Defeat
🇨🇳 Italians · China
1115
+10
🇷🇺 Burgundians · Russia
886
+19
🇭🇺 Burmese · Hungary
847
+21
🇷🇺 Georgians · Russia
1004
-18
🇳🇱 Lithuanians · Netherlands
965
-17
🇹🇷 Franks · Türkiye
920
-15
sfdejonge
0:56 Loom
7:20 Feudal Age
12:00 Castle Age
10:23 Horse Collar
10:37 Double-Bit Axe
14:30 Wheelbarrow
19:02 Bow Saw
18:44 Horse Collar
19:04 Town Watch
21:41 Gold Mining
21:42 Stone Mining
23:31 Hand Cart
23:33 Heavy Plow
25:09 Fortified Wall
25:43 Caravan
29:32 Imperial Age
28:34 Ballistics
28:24 Masonry
28:40 Scale Barding Armor
28:46 Forging
28:26 Fletching
28:59 Bloodlines
28:49 Husbandry
29:43 Elite Leitis
31:31 Two-Man Saw
31:21 Iron Casting
31:55 Chain Barding Armor
31:57 Town Patrol
31:29 Light Cavalry
33:00 Crop Rotation
33:23 Conscription
33:58 Architecture
34:46 Plate Barding Armor
34:13 Padded Archer Armor
34:44 Winged Hussar
35:36 Bodkin Arrow
37:26 Hill Forts
42:41 Hoardings
43:39 Cavalier
46:55 Paladin
50:23 Chemistry
49:18 Murder Holes
wolvi
8:26 Feudal Age
9:39 Double-Bit Axe
13:04 Loom
17:49 Castle Age
16:48 Forging
16:44 Scale Barding Armor
16:48 Gold Mining
20:36 Husbandry
20:52 Elite Skirmisher
24:16 Iron Casting
25:35 Wheelbarrow
32:15 Chain Barding Armor
31:47 Fletching
33:27 Gold Shaft Mining
49:27 Caravan
50:00 Coinage
53:38 Bodkin Arrow
53:44 Padded Archer Armor
53:13 Light Cavalry
B O M B E R
10:01 Feudal Age
14:13 Castle Age
14:19 Double-Bit Axe
19:45 Horse Collar
23:38 Imperial Age
23:49 Bow Saw
23:31 Gold Mining
23:53 Svan Towers
24:06 Scale Barding Armor
24:12 Forging
24:08 Husbandry
24:19 Bloodlines
24:51 Conscription
25:49 Chain Barding Armor
28:22 Iron Casting
30:56 Blast Furnace
32:22 Plate Barding Armor
32:12 Arson
32:28 Squires
32:13 Gambesons
31:50 Pikeman
32:47 Aznauri Cavalry
33:24 Wheelbarrow
34:31 Scale Mail Armor
34:27 Halberdier
45:05 Chain Mail Armor
47:14 Elite Monaspa
FahRenheiTTT
4:30 Loom
7:44 Feudal Age
13:18 Horse Collar
14:50 Loom
15:46 Wheelbarrow
17:33 Padded Archer Armor
17:29 Fletching
17:47 Scale Barding Armor
17:53 Forging
17:45 Scale Mail Armor
20:16 Castle Age
20:23 Castle Age
21:50 Gold Mining
26:08 Gold Shaft Mining
25:25 Stone Mining
34:37 Imperial Age
35:14 Imperial Age
32:42 Town Watch
37:10 Manipur Cavalry
38:32 Hand Cart
41:16 Chain Barding Armor
41:34 Iron Casting
41:47 Bodkin Arrow
42:09 Chain Mail Armor
43:39 Bloodlines
43:35 Husbandry
43:21 Elite Battle Elephant
48:26 Murder Holes
WING123456
7:25 Feudal Age
8:39 Double-Bit Axe
11:17 Castle Age
9:05 Horse Collar
12:18 Bow Saw
18:45 Wheelbarrow
19:04 Gold Mining
20:11 Stone Mining
23:23 Imperial Age
21:16 Scale Mail Armor
21:13 Loom
21:31 Squires
21:16 Arson
22:05 Heavy Plow
22:39 Forging
23:20 Silk Road
23:59 Chain Mail Armor
24:19 Iron Casting
25:19 Conscription
25:03 Fletching
25:44 Plate Mail Armor
25:39 Hand Cart
26:35 Pikeman
28:25 Iron Casting
28:57 Chemistry
31:37 Ballistics
32:18 Elite Genoese Crossbowman
32:57 Bodkin Arrow
33:03 Padded Archer Armor
37:38 Blast Furnace
36:40 Bracer
38:10 Two-Man Saw
38:55 Leather Archer Armor
38:50 Thumb Ring
40:33 Fortified Wall
45:28 Bombard Tower
53:30 Ring Archer Armor
Jean_Batist_Amour
7:14 Feudal Age
7:00 Double-Bit Axe
7:24 Horse Collar
8:28 Bow Saw
8:56 Heavy Plow
16:34 Castle Age
15:00 Gold Mining
17:11 Forging
19:35 Scale Barding Armor
20:57 Husbandry
23:04 Burgundian Vineyards
23:57 Wheelbarrow
24:16 Crop Rotation
24:50 Two-Man Saw
23:47 Cavalier
28:42 Imperial Age
27:54 Iron Casting
26:45 Light Cavalry
28:15 Chain Barding Armor
30:53 Blast Furnace
30:13 Elite Coustillier
31:41 Hand Cart
31:34 Hussar
33:46 Conscription
35:21 Paladin
40:07 Blast Furnace
39:42 Plate Barding Armor
44:11 Scale Mail Armor
48:03 Chain Mail Armor
50:37 Stone Mining
50:49 Man-at-Arms
51:30 Squires
51:16 Arson
50:52 Pikeman
Connection lost

Rejoining the realm…

Still unreachable

The connection could not be restored.

Session expired

The server has moved on; the page needs a fresh start.